 Dungeon Crawl Stone Soup version 0.23-a0-480-g1869896 (webtiles) character file.

6514 theclanless the Magician (level 11, -4/84 HPs)
             Began as a Gnoll Skald on Nov 28, 2018.
             Was a High Priest of Makhleb.
             Slain by a yak (15 damage)
             ... on level 9 of the Dungeon.
             The game lasted 00:44:32 (7414 turns).

theclanless the Magician (Gnoll Skald)              Turns: 7414, Time: 00:44:33

Health: -4/84      AC: 12    Str: 16    XL:     11   Next: 0%
Magic:  15/22      EV: 18    Int: 19    God:    Makhleb [*****.]
Gold:   284        SH:  0    Dex: 15    Spells: 14/25 levels left

rFire    . . .     SeeInvis .   a - +1 falchion
rCold    . . .     Gourm    .   (no shield)
rNeg     . . .     Faith    .   F - +3 leather armour of Exclusion {rPois MR++ rCorr Stlth+}
rPois    +         Spirit   .   u - +2 helmet (curse)
rElec    .         Reflect  .   (no cloak)
rCorr    +         Harm     .   (no gloves)
MR       ++...                  A - +1 pair of boots of Gauwumeo {Int+3}
Stlth    ++++......             (no amulet)
HPRegen  0.24/turn              o - +2 ring of evasion
MPRegen  0.18/turn              (no ring)

@: singing
A: distributed training, fangs 1, strong nose
a: Minor Destruction, Lesser Servant of Makhleb, Major Destruction, Greater
Servant of Makhleb, Renounce Religion


You were on level 9 of the Dungeon.
You worshipped Makhleb.
Makhleb was extremely pleased with you.
You were not hungry.

You visited 1 branch of the dungeon, and saw 9 of its levels.
You also visited: Sewer.

You collected 564 gold pieces.
You spent 280 gold pieces at shops.

Inventory:

Hand Weapons
 a - a +1 falchion (weapon)
 b - a +0 hunting sling
 c - a +0 arbalest of velocity
 j - a +2 flail of crushing
 s - a +0 vampiric short sword
 C - a +3 spear
 G - a +0 halberd
 H - a +0 short sword of venom
 I - a +2 whip of freezing
 L - a +0 long sword
 M - a +1 dagger of protection
 P - a +0 scimitar
Missiles
 l - 148 sling bullets
 q - 13 tomahawks (quivered)
 J - 51 arrows
Armour
 f - a +0 shield
 p - a cursed +0 scale mail
 r - a +0 large shield
 t - a +0 ring mail
 u - a cursed +2 helmet (worn)
 A - the +1 pair of boots of Gauwumeo (worn) {Int+3}
   (You acquired it in a sewer)

   It affects your intelligence (+3).
 B - a +1 chain mail of poison resistance
 F - the +3 leather armour of Exclusion (worn) {rPois MR++ rCorr Stlth+}
   (You found it on level 5 of the Dungeon)

   It protects you from poison.
   It affects your resistance to hostile enchantments.
   It provides partial protection from all sources of acid and corrosion.
   It makes you more stealthy.
 R - a +0 troll leather armour
Jewellery
 o - a +2 ring of evasion (left hand)
Wands
 w - a wand of iceblast (7)
 y - a wand of polymorph (6)
 D - a wand of flame (29)
 T - a wand of digging (5)
Scrolls
 e - a scroll of blinking
 m - 12 scrolls of remove curse
 v - 5 scrolls of teleportation
 N - 4 scrolls of identify
 S - a scroll of fog
Potions
 g - 3 potions of curing
 h - 2 potions of brilliance
 i - 2 potions of mutation
 k - 2 potions of magic
 n - a potion of haste
 x - 2 potions of heal wounds
 z - 5 potions of flight
 E - a potion of resistance
 K - 3 potions of lignification
Miscellaneous
 O - a crystal ball of energy
Comestibles
 d - 16 rations
 Q - 2 chunks of flesh


   Skills:
 + Level 7.4 Fighting
 + Level 5.7 Short Blades
 + Level 7.4 Long Blades
 + Level 5.7 Axes
 + Level 5.7 Maces & Flails
 + Level 5.7 Polearms
 + Level 5.7 Staves
 + Level 5.7 Slings
 + Level 5.7 Bows
 + Level 5.7 Crossbows
 + Level 5.7 Throwing
 + Level 6.3 Armour
 + Level 7.4 Dodging
 + Level 5.7 Stealth
 + Level 5.7 Shields
 + Level 5.7 Unarmed Combat
 + Level 7.7 Spellcasting
 + Level 4.7 Conjurations
 + Level 4.7 Hexes
 + Level 7.3 Charms
 + Level 4.7 Summonings
 + Level 4.7 Necromancy
 + Level 4.7 Translocations
 + Level 4.7 Transmutations
 + Level 4.7 Fire Magic
 + Level 4.7 Ice Magic
 + Level 4.7 Air Magic
 + Level 4.7 Earth Magic
 + Level 4.7 Poison Magic
 + Level 6.2 Invocations
 + Level 5.7 Evocations


You had 14 spell levels left.
You knew the following spells:

 Your Spells              Type           Power        Failure   Level  Hunger
a - Infusion              Chrm           ####         1%          1    None
b - Shroud of Golubria    Chrm/Tloc      ####......   1%          2    None
c - Regeneration          Chrm/Necr      ####......   2%          3    #......
s - Song of Slaying       Chrm           #####...     1%          2    None
z - Spectral Weapon       Hex/Chrm       ####....     2%          3    #......

Your spell library contained the following spells:

 Spells                   Type           Power        Failure   Level  Hunger


Dungeon Overview and Level Annotations

Branches:
Dungeon (9/15)             Temple (0/1) D:4            Lair (0/6) D:9
    Orc: D:9-12

Altars:
Ashenzari
Cheibriados
Dithmenos
Kikubaaqudgha
Makhleb
Nemelex Xobeh
Okawaru
Sif Muna
Trog
Uskayaw
Vehumet
Wu Jian
Xom
Yredelemnul
The Shining One

Shops:
D:8 }


Innate Abilities, Weirdness & Mutations

Your experience applies equally to all skills.
You have very sharp teeth.
Your uncanny sense of smell can sniff out nearby items.


Message History

You hit the yak.
The yak is moderately wounded.
The yak gores you.
You hit the yak. You bite the yak, but do no damage.
The yak is heavily wounded.
Your spectral weapon hits the yak.
The yak gores the plant!
The plant is destroyed!
The yak completely misses you.
The yak gores the fungus.
The yak barely misses you. The yak gores you.
* * * LOW HITPOINT WARNING * * *
The yak gores you!
* * * LOW HITPOINT WARNING * * *
Unknown command.
You hit the yak.
The yak is severely wounded.
Your spectral weapon closely misses the yak.
The yak gores the fungus.
The yak barely misses you. The yak completely misses you.
The yak gores you but does no damage. The yak gores you!
You die...

#.......###.....# #####.#
###+####..#..#...# #.....#
......##........##### ##'#####
......###...........### #.......
......###.............####.......
......'.#.........P....#.........
......#....P..PPP........#.......
......##P....PP..(......P........
......##....PPPP@Y.......P.......
......#..PPPPPPYYYY..............
......#P..P...PYY................
#######....P.....>....P.....###'#
# #...P.................##..# #
#.P.....P.............##.## #####
................PP.##.## ....#
P....................... ....+
...P....P.PP..P.#......


You could see 7 yaks and a friendly spectral +1 falchion.

Vanquished Creatures
  2 trolls (D:9)
  A hippogriff (D:8)
  6 yaks
  3 hungry ghosts
  Edmund (D:5)
  A water moccasin (D:8)
  4 porcupines (D:9)
  3 orc warriors
  2 phantoms
  A sky beast (D:6)
  A black bear (D:9)
  2 centaurs (D:8)
  7 ogres
  A crocodile (D:9)
  2 big kobolds (D:7)
  9 bullfrogs
  4 scorpions
  9 killer bees
  3 howler monkeys
  2 crimson imps
  2 hounds
  2 orc priests
  4 jellies
  4 orc wizards
  2 bullfrog skeletons
  Jessica (D:5)
  A merfolk siren (Sewer)
  5 worker ants
  A merfolk avatar (Sewer)
  A hound skeleton (D:6)
  13 adders
  10 gnolls
  A worker ant zombie (D:7)
  2 shadow imps (D:5)
  5 oozes (D:9)
  An adder zombie (D:9)
  5 worms
  6 leopard geckos
  40 orcs
  3 giant cockroaches
  8 goblins
  10 hobgoblins
  14 jackals
  8 quokkas
  8 ball pythons
  6 bats
  8 frilled lizards
  A giant cockroach zombie (D:5)
  A jackal skeleton (D:4)
  32 kobolds
  34 rats
  A spectral orc (D:9)
304 creatures vanquished.

Vanquished Creatures (others)
  56 fungi (D:9)
  30 plants (D:9)
  7 spectral weapons
  3 withered plants (D:9)
96 creatures vanquished.

Grand Total: 400 creatures vanquished

Notes
Turn   | Place    | Note
-------+----------+-------------------------------------------
     0 | D:1      | theclanless the Gnoll Skald began the quest for the Orb.
     0 | D:1      | Reached XP level 1. HP: 20/20 MP: 6/6
   180 | D:1      | Reached XP level 2. HP: 25/26 MP: 7/7
   221 | D:1      | Learned a level 2 spell: Song of Slaying
   455 | D:1      | Reached XP level 3. HP: 31/31 MP: 9/9
   460 | D:1      | Learned a level 3 spell: Regeneration
   464 | D:1      | Learned a level 3 spell: Spectral Weapon
   784 | D:2      | Reached skill level 5 in Spellcasting
   788 | D:2      | Learned a level 2 spell: Shroud of Golubria
   793 | D:2      | Found a shimmering altar of Xom.
   794 | D:2      | Found a shimmering altar of Xom.
   874 | D:2      | Reached skill level 1 in Invocations
   906 | D:2      | Found a burning altar of Makhleb.
   930 | D:2      | Became a worshipper of Makhleb the Destroyer
   948 | D:2      | Reached skill level 1 in Short Blades
   948 | D:2      | Reached skill level 1 in Axes
   948 | D:2      | Reached skill level 1 in Maces & Flails
   948 | D:2      | Reached skill level 1 in Polearms
   948 | D:2      | Reached skill level 1 in Staves
   948 | D:2      | Reached skill level 1 in Slings
   948 | D:2      | Reached skill level 1 in Bows
   948 | D:2      | Reached skill level 1 in Crossbows
   948 | D:2      | Reached skill level 1 in Throwing
   948 | D:2      | Reached skill level 1 in Stealth
   948 | D:2      | Reached skill level 1 in Shields
   948 | D:2      | Reached skill level 1 in Unarmed Combat
   948 | D:2      | Reached skill level 1 in Evocations
   948 | D:2      | Reached XP level 4. HP: 20/38 MP: 1/11
   990 | D:2      | Reached skill level 1 in Conjurations
   990 | D:2      | Reached skill level 1 in Hexes
   990 | D:2      | Reached skill level 1 in Summonings
   990 | D:2      | Reached skill level 1 in Necromancy
   990 | D:2      | Reached skill level 1 in Translocations
   990 | D:2      | Reached skill level 1 in Transmutations
   990 | D:2      | Reached skill level 1 in Fire Magic
   990 | D:2      | Reached skill level 1 in Ice Magic
   990 | D:2      | Reached skill level 1 in Air Magic
   990 | D:2      | Reached skill level 1 in Earth Magic
   990 | D:2      | Reached skill level 1 in Poison Magic
  1021 | D:2      | Found a glowing golden altar of the Shining One.
  1168 | D:2      | Found a sparkling altar of Nemelex Xobeh.
  1177 | D:2      | Reached XP level 5. HP: 43/43 MP: 12/12
  1488 | D:3      | Found a bloodstained altar of Trog.
  1555 | D:3      | Reached * piety under Makhleb
  1904 | D:3      | Found a snail-covered altar of Cheibriados.
  2216 | D:4      | Reached XP level 6. HP: 48/50 MP: 13/13
  2445 | D:4      | Reached skill level 5 in Fighting
  2445 | D:4      | Reached skill level 5 in Long Blades
  2445 | D:4      | Reached skill level 5 in Dodging
  2462 | D:4      | Found a glowing drain.
  2479 | Sewer    | Entered a sewer
  2484 | Sewer    | Reached ** piety under Makhleb
  2765 | Sewer    | Identified a scroll of acquirement
  2766 | Sewer    | Got a pair of shimmering boots
  2772 | Sewer    | Identified the +1 pair of boots of Gauwumeo {Int+3} (You
                  | acquired it in a sewer)
  2829 | D:4      | Reached XP level 7. HP: 55/56 MP: 13/15
  2851 | D:4      | Found a staircase to the Ecumenical Temple.
  3145 | D:5      | Entered Level 5 of the Dungeon
  3155 | D:5      | Reached *** piety under Makhleb
  3158 | D:5      | Noticed Edmund
  3173 | D:5      | Killed Edmund
  3247 | D:5      | Reached XP level 8. HP: 60/63 MP: 8/16
  3285 | D:5      | Found an iron altar of Okawaru.
  3373 | D:5      | Identified the +3 leather armour of Exclusion {rPois MR++
                  | rCorr Stlth+} (You found it on level 5 of the Dungeon)
  3579 | D:5      | Noticed Jessica
  3585 | D:5      | Killed Jessica
  3591 | D:5      | Found a deep blue altar of Sif Muna.
  3677 | D:6      | Found a radiant altar of Vehumet.
  4520 | D:6      | Noticed a yak
  4528 | D:6      | Killed a yak
  4664 | D:7      | Found an ornate altar of the Wu Jian Council.
  4783 | D:7      | Reached **** piety under Makhleb
  4800 | D:7      | Reached XP level 9. HP: 69/69 MP: 18/18
  5403 | D:7      | Reached skill level 5 in Armour
  5787 | D:8      | Reached skill level 5 in Invocations
  5883 | D:8      | Reached ***** piety under Makhleb
  5924 | D:8      | Reached XP level 10. HP: 64/77 MP: 20/20
  5978 | D:8      | Found Xunopety's Gadget Emporium.
  5988 | D:8      | Bought a crystal ball of energy for 280 gold pieces
  6023 | D:8      | Found a shattered altar of Ashenzari.
  6024 | D:8      | Found a hide-covered altar of Uskayaw.
  6369 | D:8      | Reached skill level 5 in Short Blades
  6369 | D:8      | Reached skill level 5 in Axes
  6369 | D:8      | Reached skill level 5 in Maces & Flails
  6369 | D:8      | Reached skill level 5 in Polearms
  6369 | D:8      | Reached skill level 5 in Staves
  6369 | D:8      | Reached skill level 5 in Slings
  6369 | D:8      | Reached skill level 5 in Bows
  6369 | D:8      | Reached skill level 5 in Crossbows
  6369 | D:8      | Reached skill level 5 in Throwing
  6369 | D:8      | Reached skill level 5 in Stealth
  6369 | D:8      | Reached skill level 5 in Shields
  6369 | D:8      | Reached skill level 5 in Unarmed Combat
  6369 | D:8      | Reached skill level 5 in Evocations
  6935 | D:9      | Found an ancient bone altar of Kikubaaqudgha.
  7153 | D:9      | Found a basalt altar of Yredelemnul.
  7300 | D:9      | Found a shadowy altar of Dithmenos.
  7389 | D:9      | Found a staircase to the Lair.
  7411 | D:9      | Reached XP level 11. HP: 42/84 MP: 14/22
  7414 | D:9      | Slain by a yak

Vault maps used:
D:1:      dpeg_arrival_water_temple_mockup, minmay_heptomino_o4
D:2:      nemelex_xobeh_ov_fountains_minmay, xom_redecorated,
          overflow_temple_1_default, makhleb_grotto_becter,
          kennysheep_generic_room_11
D:3:      marbit_many_paths, cheibriados_altar_1, minmay_cupped
D:4:      minmay_temple_entry_trees, cheibrodos_sewer_entry_bend,
          grunt_decor_fettered
D:5:      tgw_sif, nicolae_overflow_crystal_walls, first_ration, uniq_edmund
D:6:      vehumet_altar_wand_db, minmay_microvault
D:7:      kennysheep_kobold_camp, lemuel_crystal_altar
D:8:      nicolae_overflow_hidden_temple, serial_shops, nicolae_shop_stone
D:9:      kiku_gazebo_garden_becter, yredelemnul_forgotten_temple_becter,
          due_lair_maze_entry_diamond, kennysheep_orc_monster_closet_entryway,
          hangedman_little_slice_of_home, supply_closet_lemuel,
          nicolae_dithmenos_shadow_blocks
Sewer:    sewer_sea

Skill      XL: |  1  2  3  4  5  6  7  8  9 10 |
---------------+-------------------------------+-----
Spellcasting   | 5 6 7 |  7.7
Invocations    | 1 2 3 4 5 6 |  6.2
Short Blades   | 1 2 3 4 5 |  5.7
Axes           | 1 2 3 4 5 |  5.7
Maces & Flails | 1 2 3 4 5 |  5.7
Polearms       | 1 2 3 4 5 |  5.7
Staves         | 1 2 3 4 5 |  5.7
Slings         | 1 2 3 4 5 |  5.7
Bows           | 1 2 3 4 5 |  5.7
Crossbows      | 1 2 3 4 5 |  5.7
Throwing       | 1 2 3 4 5 |  5.7
Stealth        | 1 2 3 4 5 |  5.7
Shields        | 1 2 3 4 5 |  5.7
Unarmed Combat | 1 2 3 4 5 |  5.7
Evocations     | 1 2 3 4 5 |  5.7
Conjurations   | 1 2 3 4 |  4.7
Hexes          | 1 2 3 4 |  4.7
Summonings     | 1 2 3 4 |  4.7
Necromancy     | 1 2 3 4 |  4.7
Translocations | 1 2 3 4 |  4.7
Transmutations | 1 2 3 4 |  4.7
Fire Magic     | 1 2 3 4 |  4.7
Ice Magic      | 1 2 3 4 |  4.7
Air Magic      | 1 2 3 4 |  4.7
Earth Magic    | 1 2 3 4 |  4.7
Poison Magic   | 1 2 3 4 |  4.7
Armour         | 3 4 5 6 |  6.3
Fighting       | 5 6 7 |  7.4
Long Blades    | 5 6 7 |  7.4
Dodging        | 5 6 7 |  7.4
Charms         | 6 7 |  7.3

Action                   |  1- 3 |  4- 6 |  7- 9 | 10-12 || total
-------------------------+-------+-------+-------+-------++-------
Melee: Falchion          |   111 |   247 |   312 |   254 ||   924
       Bite              |    14 |    33 |    54 |    26 ||   127
       Punch             |       |     2 |     6 |     9 ||    17
 Fire: Hunting sling     |       |    10 |       |       ||    10
 Cast: Infusion          |     4 |     1 |     3 |     1 ||     9
       Regeneration      |     2 |     6 |    10 |     6 ||    24
       Song of Slaying   |     1 |     1 |     1 |     3 ||     6
       Spectral Weapon   |       |     3 |    10 |    15 ||    28
       Shroud of Golubri |       |       |       |     1 ||     1
Invok: Minor Destruction |       |    10 |    85 |    26 ||   121
Evoke: Crystal ball of e |       |       |       |     1 ||     1
  Use: Scroll            |       |     9 |     6 |     3 ||    18
       Potion            |       |     1 |       |       ||     1
 Stab: Sleeping          |     2 |     4 |     4 |     4 ||    14
       Distracted        |       |     1 |     3 |     5 ||     9
  Eat: Chunk             |       |     8 |    10 |     8 ||    26
       Ration            |       |       |     1 |       ||     1
Armor: Leather armour    |    29 |    45 |    89 |    66 ||   229
Dodge: Dodged            |    82 |   207 |   286 |   228 ||   803
       Rpst.: Falchion   |    28 |    76 |    99 |    49 ||   252

Table legend:
 A = Non-vault XP
 B = Vault XP
 C = Vault XP percentage of total XP
 D = Non-vault monster count
 E = Vault monster count
 F = Vault count percentage of total count
                 A         B        C        D         E       F
            +---------+---------+-------+---------+---------+-------
      Total |    6807 |    2500 |  26.9 |     182 |     122 |  40.1
            +---------+---------+-------+---------+---------+-------
        D:1 |      26 |       9 |  25.7 |      15 |       6 |  28.6
        D:2 |      85 |      64 |  43.0 |      25 |       2 |   7.4
        D:3 |     117 |       9 |   7.1 |      27 |       4 |  12.9
        D:4 |     323 |       5 |   1.5 |      12 |       1 |   7.7
        D:5 |     347 |     199 |  36.4 |      13 |       2 |  13.3
        D:6 |     619 |     201 |  24.5 |      14 |       2 |  12.5
        D:7 |    1387 |     111 |   7.4 |      28 |      21 |  42.9
        D:8 |    2192 |       0 |   0.0 |      20 |       0 |   0.0
        D:9 |    1711 |    1772 |  50.9 |      28 |      44 |  61.1
      Sewer |       0 |     130 | 100.0 |       0 |      40 | 100.0
            +---------+---------+-------+---------+---------+-------
